 Dungeon Crawl Stone Soup version 0.17-a0-2093-gc772f4b (webtiles) character file.

463 Hedron the Martial Artist (level 7, 0/46 HPs)
             Began as an Octopode Monk on Oct 17, 2015.
             Was an Elder of Cheibriados.
             Succumbed to poison (a potion of poison)
             ... on level 4 of the Dungeon.
             The game lasted 00:09:38 (3095 turns).

Hedron the Martial Artist (Octopode Monk)           Turns: 3095, Time: 00:09:38

Health: 0/46       AC:  6    Str: 25    XL:     7   Next: 7%
Magic:  7/7        EV: 11    Int: 28    God:    Cheibriados [****..]
Gold:   234        SH: 13    Dex: 26    Spells: 0 memorised, 6 levels left

rFire  . . .     SeeInvis .       - Unarmed
rCold  . . .     Clarity  .     r - +0 large shield
rNeg   . . .     SustAt   .     (helmet restricted)
rPois  .         Gourm    +     t - amulet of the gourmand
rElec  .         Spirit   .     d - +5 ring of protection
rCorr  .         Warding  .     n - +1 ring of evasion
rMut   .         Stasis   .     (no ring)
MR     .....                    (no ring)
Stlth  ++++......               (no ring)
                                (no ring)
                                (no ring)
                                (no ring)

@: mighty, brilliant, lethally poisoned (0 -> -11), very slow, not resistant to
hostile enchantments, stealthy
A: almost no armour, amphibious, 8 rings, constrict 8, camouflage 1, gelatinous
body 1
a: Bend Time, Temporal Distortion, Slouch, Renounce Religion


You were on level 4 of the Dungeon.
You worshipped Cheibriados.
Cheibriados was greatly pleased with you.
You were full.

You visited 1 branch of the dungeon, and saw 6 of its levels.

You collected 234 gold pieces.

Inventory:

Missiles
 e - 2 tomahawks
 f - 25 poisoned needles
 l - 100 stones (quivered)
Armour
 r - a +0 large shield (worn)
Jewellery
 d - a +5 ring of protection (left tentacle)
 n - a +1 ring of evasion (right tentacle)
 t - an amulet of the gourmand (around mantle)
Wands
 q - a wand of digging (16)
Scrolls
 c - a scroll of fog
 i - 2 scrolls of remove curse
 o - 3 scrolls of magic mapping
 s - a scroll of enchant armour
Potions
 g - a potion of invisibility {unknown}
 p - a potion of brilliance
Comestibles
 a - 2 bread rations
 j - a slice of pizza
 k - 2 meat rations


   Skills:
 - Level 3.0 Fighting
 - Level 3.0 Dodging
 - Level 2.6 Stealth
 + Level 8.2 Unarmed Combat


You had 6 spell levels left.
You didn't know any spells.

Dungeon Overview and Level Annotations

Branches:
Dungeon (6/15)
 Temple: D:4-7

Altars:
Cheibriados

Shops:
D:4 :


Innate Abilities, Weirdness & Mutations

You cannot wear most types of armour.
You are amphibious.
You can wear up to eight rings at the same time.
You can use your tentacles to constrict eight enemies at once.
Your skin changes colour to match your surroundings (Stealth).
Your rubbery body absorbs attacks (AC +1).


Message History

The orc wizard hits you with a dagger.
* * * LOW HITPOINT WARNING * * *
The giant newt barely misses you.
Drink which item? (? for menu, Esc to quit)
It was a potion of poison.
That liquid tasted very nasty...
You are lethally poisoned!
You constrict the orc wizard.
* * * LOW HITPOINT WARNING * * *
You feel sick. The orc wizard hits you with a dagger.
* * * LOW HITPOINT WARNING * * *
You block the orc's attack.
The orc wizard hits you but does no damage.
The giant newt bites you.
* * * LOW HITPOINT WARNING * * *
Drink which item? (? for menu, Esc to quit)
It was a potion of might.
You feel very mighty all of a sudden.
You constrict the orc wizard!
You die...

#..##........##....
#....o###....#...# .
####...............#
#.###............####.##
#...)........###.# ##.#
##...)..#.#.....## ##...
#......o##...#...###....
#.....oo######....#.....
#..##..l@###∩#..##.......
#.. ##.)..##+#.##........
#.. #...... ..#...#.....
.. .......... .##...#..
......####..# #......
##.....# . .# ##[..###
#.....# .. .##...#...
....#.. .............
....#..#.....


You could see an orc wizard, 2 orcs and a giant newt.

Vanquished Creatures
  A scorpion (D:4)
  A giant frog zombie (D:5)
  2 hounds
  2 orc priests (D:4)
  A jelly (D:6)
  Crazy Yiuf (D:3)
  Terence (D:3)
  An iguana (D:4)
  A worker ant zombie (D:5)
  6 adders
  A shadow imp (D:3)
  An ooze (D:2)
  2 worms
  A giant gecko (D:4)
  8 orcs
  A ball python (D:1)
  5 giant cockroaches
  6 hobgoblins
  6 kobolds
  6 bats
  3 giant newts
  8 goblins
  A quokka zombie (D:5)
  6 rats
72 creatures vanquished.

Notes
Turn   | Place    | Note
--------------------------------------------------------------
     0 | D:1      | Hedron the Octopode Monk began the quest for the Orb.
     0 | D:1      | Reached XP level 1. HP: 16/16 MP: 1/1
    78 | D:1      | Found a snail-covered altar of Cheibriados.
   109 | D:1      | Became a worshipper of Cheibriados the Contemplative
   109 | D:1      | Reached * piety under Cheibriados
   109 | D:1      | Reached ** piety under Cheibriados
   210 | D:1      | Reached XP level 2. HP: 21/21 MP: 2/2
   732 | D:2      | Reached XP level 3. HP: 26/26 MP: 3/3
   928 | D:2      | Reached skill level 5 in Unarmed Combat
  1261 | D:2      | Reached *** piety under Cheibriados
  1597 | D:3      | Reached XP level 4. HP: 31/31 MP: 4/4
  1851 | D:3      | Noticed Terence
  1857 | D:3      | Killed Terence
  1857 | D:3      | Reached skill level 6 in Unarmed Combat
  2036 | D:3      | Noticed Crazy Yiuf
  2042 | D:3      | Killed Crazy Yiuf
  2042 | D:3      | Reached XP level 5. HP: 30/36 MP: 5/5
  2264 | D:3      | You fall through a shaft for 3 floors!
  2349 | D:5      | Entered Level 5 of the Dungeon
  2442 | D:5      | Reached skill level 7 in Unarmed Combat
  2442 | D:5      | Reached XP level 6. HP: 38/42 MP: 6/6
  2450 | D:5      | Reached **** piety under Cheibriados
  3066 | D:4      | Found Yviw's Book Boutique.
  3076 | D:4      | Reached skill level 8 in Unarmed Combat
  3091 | D:4      | Reached XP level 7. HP: 17/46 MP: 7/7
  3094 | D:4      | HP: 2/46 [orc wizard/dagger (1)]
  3095 | D:4      | Succumbed to poison (a potion of poison)

Vault maps used:
D:1:      minmay_arrival_up_and_down, cheibriados_altar_1
D:2:      due_unseen_surprise
D:3:      first_bread, uniq_crazy_yiuf_cottage, uniq_terence
D:4:      serial_shops, nicolae_shop_window_shopping, uniq_edmund
D:5:      minmay_temple_entry_nine_rooms
D:6:      serial_shops, nicolae_shop_temple_entry_statues_fountains, basic_altar

Action                   |  1- 3 |  4- 6 |  7- 9 || total
-------------------------+-------+-------+-------++-------
Melee: Unarmed           |    62 |    69 |     1 ||   132
  Use: Scroll            |    11 |     1 |       ||    12
       Potion            |       |     4 |     3 ||     7
 Stab: Sleeping          |    15 |    12 |       ||    27
       Distracted        |       |     1 |       ||     1
  Eat: Chunk             |       |    11 |       ||    11
